 Dungeon Crawl Stone Soup version 0.24-a0-114-g5d539f0 (console) character file.

Game seed: 2708274536301736176

2984 Duffy the Summoner (level 9, -1/66 (68) HPs)
             Began as a Naga Summoner on Feb 15, 2019.
             Was a Believer of Ru.
             Slain by a two-headed ogre
             ... wielding a +0 giant club
              (3 damage)
             ... on level 9 of the Dungeon.
             The game lasted 00:15:24 (12164 turns).

Duffy the Summoner (Naga Summoner)                 Turns: 12164, Time: 00:15:24

HP:   -1/66 (68)    AC: 11    Str: 11    XL:     9   Next: 83%
MP:   9/18          EV:  7    Int: 19    God:    Ru [**....]
Gold: 31            SH:  0    Dex: 11    Spells: 7/21 levels left

rFire    . . .     SeeInvis +   a - +2 spear
rCold    . . .     Gourm    .   (no shield)
rNeg     . . .     Faith    +   g - +2 leather armour {MR+}
rPois    +         Spirit   .   (no helmet)
rElec    .         Reflect  .   l - +0 cloak {rPois}
rCorr    .         Harm     .   (no gloves)
MR       ++...                  B - +0 naga barding
Stlth    ++........             z - amulet of faith
HPRegen  0.21/turn              (no ring)
MPRegen  0.16/turn              (no ring)

@: very slow
A: large, see invisible, deformed body, poison resistance, slowness 2, slow
metabolism 1, spit poison 1, inability to use devices, AC +3
a: Spit Poison, Renounce Religion


You were on level 9 of the Dungeon.
You worshipped Ru.
Ru was pleased with you.
You were not hungry.

You visited 2 branches of the dungeon, and saw 10 of its levels.

You collected 391 gold pieces.
You spent 360 gold pieces at shops.

Inventory:

Hand Weapons
 a - a +2 spear (weapon)
 b - a +0 dagger
 e - a +0 spear
 k - a +2 quarterstaff of chaos
 A - a +0 blowgun
Missiles
 d - 6 curare-tipped needles
Armour
 g - a +2 leather armour of magic resistance (worn)
 j - a +0 robe of positive energy
 l - a +0 cloak of poison resistance (worn)
 v - a cursed +0 scale mail
 B - a +0 naga barding (worn)
Jewellery
 f - an uncursed ring of fire
 z - an amulet of faith (around neck)
Scrolls
 h - 3 scrolls of remove curse {unknown}
 m - a scroll of noise {unknown}
 r - 3 scrolls of amnesia {unknown}
 s - a scroll of magic mapping
 u - 2 scrolls of enchant armour
 x - a scroll of immolation {unknown}
 y - 2 scrolls of fear {unknown}
 C - 2 scrolls of identify
 D - 3 scrolls of teleportation
 E - 2 scrolls of silence
 G - a scroll of vulnerability
 H - a scroll of enchant weapon
Potions
 i - 3 potions of agility
 n - 2 potions of magic
 o - 2 potions of heal wounds
 p - a potion of invisibility
 q - 2 potions of lignification
 t - 3 potions of might
 w - a potion of mutation
 F - a potion of curing {unknown}
Comestibles
 c - 13 rations


   Skills:
 - Level 2.0 Polearms
 - Level 1.5 Dodging
 - Level 3.0 Stealth
 + Level 6.5 Spellcasting
 + Level 8.0 Summonings
 + Level 4.5 Ice Magic
 - Level 5.0 Air Magic


You had 7 spell levels left.
You knew the following spells:

 Your Spells              Type           Power        Failure   Level  Hunger
h - Call Canine Familiar  Summ           #####...     1%          3    ##.....
j - Call Imp              Summ           #####...     1%          2    None
k - Summon Small Mammal   Summ           ####         1%          1    None
l - Summon Lightning Spi  Summ/Air       ####....     10%         4    ####...
y - Summon Ice Beast      Ice/Summ       ####....     11%         4    ####...

Your spell library contained the following spells:

 Spells                   Type           Power        Failure   Level  Hunger
 Ensorcelled Hibernation  Hex/Ice        ##....       9%          2    None
 Summon Guardian Golem    Hex/Summ       ###.....     9%          3    ##.....
 Beastly Appendage        Tmut           #.....       14%         1    None
 Corona                   Hex            #......      14%         1    None
 Sticks to Snakes         Tmut           #.......     22%         2    None
 Confuse                  Hex            #.......     38%         3    ##.....
 Dazzling Spray           Conj/Hex       #.....       38%         3    ##.....
 Spider Form              Tmut/Pois      #.........   38%         3    ##.....
 Tukima's Dance           Hex            #.......     38%         3    ##.....
 Ice Form                 Ice/Tmut       ##......     47%         4    ####...
 Blade Hands              Tmut           #.........   98%         5    #####..


Dungeon Overview and Level Annotations

Branches:
Dungeon (9/15)             Temple (1/1) D:5
   Lair: D:8-11         Orc: D:9-12

Altars:
Cheibriados
Dithmenos
Elyvilon
Fedhas
Gozag
Kikubaaqudgha
Makhleb
Nemelex Xobeh
Okawaru
Qazlal
Ru
Trog
Uskayaw
Vehumet
Wu Jian
Xom
The Shining One

Shops:
D:4 *   D:6 }   D:7 ?

Annotations:
D:8 4 runed translucent doors


Innate Abilities, Weirdness & Mutations

You cannot wear boots.
Your serpentine skin is tough. (AC +3)
You have supernaturally acute eyesight. (SInv)
Armour fits poorly on your strangely shaped body.
Your system is resistant to poisons. (rPois)
You cover ground very slowly.
You have a slow metabolism.
You can spit poison.
You cannot study or use magical devices.


Message History

The two-headed ogre hits you with a +0 giant spiked club!!
You are too injured to fight recklessly!
You are too injured to fight recklessly!
You are too injured to fight recklessly!
You hit the two-headed ogre but do no damage.
The two-headed ogre is moderately wounded.
The two-headed ogre barely misses you.
The two-headed ogre hits you with a +0 giant spiked club!
You barely miss the two-headed ogre.
The two-headed ogre is moderately wounded.
Your lightning spire shoots out a bolt of lightning at the two-headed ogre!
The bolt of electricity hits the two-headed ogre!
You hit the two-headed ogre.
The two-headed ogre is heavily wounded.
The two-headed ogre hits you with a +0 giant club!!
The two-headed ogre hits you but does no damage.
You hit the two-headed ogre.
The two-headed ogre is severely wounded.
The two-headed ogre hits you with a +0 giant club.
You die...

################ ###.
#######............... .y...
#.%...........8#########......
#.####........@O...%.....~~~~.
#.#<...........##########~~~~#
#.#..#.#.......# ~~#
#.#....#.####### # #.#....#.#
#.....>).. ######.#.. ......
#####


You could see a two-headed ogre and a friendly lightning spire.

Vanquished Creatures
  Psyche (D:8)
  A meliai (shapeshifter) (D:9)
  2 orc warriors
  An ice beast (D:7)
  An ogre (D:7)
  A big kobold (D:8)
  A bullfrog (D:7)
  A wyvern skeleton (D:8)
  4 scorpions
  A water moccasin skeleton (D:6)
  9 killer bees
  3 wights (D:8)
  A crimson imp (D:7)
  2 orc priests
  A bullfrog zombie (D:3)
  A hound (D:5)
  A jelly (D:9)
  Crazy Yiuf (D:2)
  2 iguanas (D:4)
  3 orc wizards
  5 worker ants
  A hound zombie (D:7)
  A worker ant zombie (D:7)
  2 gnolls (D:7)
  2 adders
  An adder zombie (D:5)
  A worm (D:6)
  2 dart slugs
  4 leopard geckos
  22 orcs
  5 bats
  2 giant cockroaches
  5 goblins
  4 hobgoblins
  6 jackals
  3 quokkas (D:8)
  A ball python (D:2)
  A frilled lizard (D:1)
  A jackal skeleton (D:4)
  14 kobolds
  8 rats
129 creatures vanquished.

Vanquished Creatures (collateral kills)
  2 sky beasts
  A phantom (D:7)
  A necrophage (D:8)
  3 centaurs
  3 bullfrogs
  A scorpion (D:5)
  2 crimson imps (D:5)
  2 hounds
  A quasit (D:8)
  An orc priest (D:5)
  4 orc wizards
  A jelly (D:5)
  2 worker ants (D:5)
  A hound zombie (D:5)
  A howler monkey skeleton (D:8)
  5 gnolls
  2 shadow imps
  2 worms (D:3)
  5 orcs
  A bat (D:2)
  3 giant cockroaches
  2 goblins (D:2)
  2 quokkas
  A kobold (D:1)
  A rat (D:1)
50 creatures vanquished.

Vanquished Creatures (others)
  2 fungi (D:9)
2 creatures vanquished.

Grand Total: 181 creatures vanquished

Notes
Turn   | Place    | Note
-------+----------+-------------------------------------------
     0 | D:1      | Duffy the Naga Summoner began the quest for the Orb.
     0 | D:1      | Reached XP level 1. HP: 15/15 MP: 3/3
   348 | D:1      | Reached XP level 2. HP: 22/22 MP: 5/5
   352 | D:1      | Learned a level 2 spell: Call Imp
  1316 | D:1      | Reached XP level 3. HP: 17/28 MP: 6/6
  1340 | D:1      | Learned a level 3 spell: Call Canine Familiar
  1501 | D:1      | Reached skill level 1 in Polearms
  2594 | D:2      | Found a runed translucent door.
  2595 | D:2      | Noticed Crazy Yiuf
  2608 | D:2      | Killed Crazy Yiuf
  2608 | D:2      | Reached XP level 4. HP: 36/36 MP: 1/8
  4062 | D:4      | Reached XP level 5. HP: 42/42 MP: 9/9
  4138 | D:4      | Reached skill level 5 in Summonings
  4188 | D:4      | Found Cearch's Mass Market.
  4602 | D:4      | Reached XP level 6. HP: 21/49 MP: 8/11
  4608 | D:4      | Learned a level 4 spell: Summon Lightning Spire
  5613 | D:5      | Entered Level 5 of the Dungeon
  5620 | D:5      | Reached skill level 1 in Air Magic
  6317 | D:5      | Reached skill level 6 in Summonings
  6317 | D:5      | Reached XP level 7. HP: 55/55 MP: 6/13
  6573 | D:5      | Found a staircase to the Ecumenical Temple.
  6582 | Temple   | Entered the Ecumenical Temple
  6718 | Temple   | Became a worshipper of Ru the Awakened
  7535 | D:6      | Learned a level 4 spell: Summon Ice Beast
  7822 | D:6      | Reached skill level 5 in Spellcasting
  8176 | D:6      | Reached skill level 1 in Ice Magic
  8202 | D:6      | Reached XP level 8. HP: 26/62 MP: 10/15
  8403 | D:6      | Found Osookuj's Gadget Emporium.
  8930 | D:6      | Reached skill level 1 in Evocations
  9133 | D:6      | Bought a wand of iceblast (8) for 168 gold pieces
  9329 | D:7      | Found a blossoming altar of Fedhas.
  9430 | D:7      | Found Deides's Magic Scroll Boutique.
  9469 | D:7      | Bought a scroll of random uselessness for 12 gold pieces
  9469 | D:7      | Bought a scroll of enchant weapon for 90 gold pieces
 10064 | D:8      | Reached skill level 5 in Evocations
 10083 | D:8      | Reached skill level 7 in Summonings
 10083 | D:8      | Reached XP level 9. HP: 15/68 MP: 17/17
 11090 | D:8      | Noticed Psyche
 11099 | D:8      | Killed Psyche
 11340 | D:8      | Gained mutation: You cannot study or use magical devices.
                  | [Ru sacrifice]
 11340 | D:8      | Reached * piety under Ru
 11340 | D:8      | Reached ** piety under Ru
 11428 | D:8      | Found a huge runed translucent gate.
 11428 | D:8      | Found a huge runed translucent gate.
 11428 | D:8      | Found a huge runed translucent gate.
 11428 | D:8      | Noticed a polar bear
 11429 | D:8      | Found a huge runed translucent gate.
 11429 | D:8      | Noticed a polar bear
 11429 | D:8      | Noticed a polar bear
 11583 | D:8      | Reached skill level 5 in Air Magic
 11959 | D:7      | Bought a scroll of silence for 90 gold pieces
 12123 | D:9      | Noticed a meliai
 12136 | D:9      | Killed a meliai
 12136 | D:9      | Reached skill level 8 in Summonings
 12151 | D:9      | Noticed a two-headed ogre
 12163 | D:9      | HP: 2/66 [two-headed ogre/+0 giant club (20)]
 12164 | D:9      | Slain by a two-headed ogre

Levels and vault maps discovered:
D:1:      dpeg_arrival_tiny_g, layout_loops_ring, serial_park_tiny_1
D:2:      layout_loops_cross, nicolae_underground_beach, uniq_crazy_yiuf_cottage
D:3:      layout_basic, first_ration, serial_glass, glass_columns_b,
          glass_columns_b
D:4:      layout_loops_cross, minmay_shop_mass
D:5:      layout_rooms, minmay_temple_entry_waves
D:6:      layout_basic, serial_shops, shop
D:7:      layout_basic, basic_altar, serial_shops, nicolae_shop_statue_plus
D:8:      lemuel_bear_cage, layout_basic, nicolae_overflow_hidden_temple,
          st_stairs_5, uniq_psyche
D:9:      wander_river, layout_basic, minitemple, minmay_lair_entry_grove,
          blue_anna_alchemist [blue_anna_fruit_fields, blue_anna_fruit_fields]
Temple:   nicolae_temple_elliptical

Skill      XL: |  1  2  3  4  5  6  7  8  9 |
---------------+----------------------------+-----
Polearms       | 2 |  2.0
Spellcasting   | 3 4 5 6 |  6.5
Summonings     | 5 6 7 8 |  8.0
Air Magic      | 1 3 5 |  5.0
Ice Magic      | 1 2 4 |  4.5
Evocations     | 5 0 |  0.0
Dodging        | |  1.5
Stealth        | |  3.0

Action                   |  1- 3 |  4- 6 |  7- 9 || total
-------------------------+-------+-------+-------++-------
Melee: Dagger            |    19 |       |       ||    19
       Spear             |    65 |   140 |   335 ||   540
 Cast: Summon Small Mamm |     3 |       |       ||     3
       Call Imp          |    11 |    11 |     8 ||    30
       Call Canine Famil |       |     9 |    28 ||    37
       Summon Lightning  |       |       |     4 ||     4
Invok: Sacrifice Artific |       |       |     1 ||     1
 Abil: Spit Poison       |    29 |    16 |    21 ||    66
Evoke: Wand              |       |       |    19 ||    19
  Use: Scroll            |       |     7 |     6 ||    13
 Stab: Sleeping          |     5 |     6 |       ||    11
       Distracted        |       |     1 |     7 ||     8
       Confused          |       |       |     5 ||     5
  Eat: Chunk             |     6 |    11 |     9 ||    26
       Ration            |       |       |     3 ||     3
Armor: Robe              |    10 |       |       ||    10
       Leather armour    |    22 |    51 |   171 ||   244
Dodge: Dodged            |    64 |    84 |   139 ||   287

Table legend:
 A = Non-vault XP
 B = Vault XP
 C = Vault XP percentage of total XP
 D = Non-vault monster count
 E = Vault monster count
 F = Vault count percentage of total count
                 A         B        C        D         E       F
            +---------+---------+-------+---------+---------+-------
      Total |    3754 |     509 |  11.9 |     176 |       3 |   1.7
            +---------+---------+-------+---------+---------+-------
        D:1 |      47 |       0 |   0.0 |      25 |       0 |   0.0
        D:2 |      98 |      23 |  19.0 |      26 |       1 |   3.7
        D:3 |      57 |       0 |   0.0 |       9 |       0 |   0.0
        D:4 |     255 |       0 |   0.0 |       9 |       0 |   0.0
        D:5 |     445 |       0 |   0.0 |      21 |       0 |   0.0
        D:6 |     572 |       0 |   0.0 |      16 |       0 |   0.0
        D:7 |     712 |       0 |   0.0 |      27 |       0 |   0.0
        D:8 |    1135 |     486 |  30.0 |      37 |       2 |   5.1
        D:9 |     433 |       0 |   0.0 |       6 |       0 |   0.0
            +---------+---------+-------+---------+---------+-------
